 Dungeon Crawl Stone Soup version 0.17-a0-1150-g17b0b87 (console) character file.

266960 hyperkellhus the Impaler (level 19, -18/184 HPs)
             Began as a Centaur Assassin on May 24, 2015.
             Was the Champion of Dithmenos.
             Demolished by a phantasmal warrior (28 damage)
             ... summoned by a death knight
             ... on level 2 of the Vaults on May 27, 2015.
             The game lasted 02:31:35 (67840 turns).

hyperkellhus the Impaler (Centaur Assassin)        Turns: 67840, Time: 02:31:36

Health: -18/184    AC: 20    Str: 27    XL:     19   Next: 72%
Magic:  20/20      EV: 22    Int:  5    God:    Dithmenos [******]
Gold:   1595       SH:  0    Dex: 18    Spells: 0 memorised, 18 levels left

rFire  . . .     SeeInvis +     a - +6 halberd (venom)
rCold  . . .     Clarity  .     W - +0 mottled dragon armour
rNeg   . . .     SustAt   .     (no shield)
rPois  .         Gourm    .     S - +2 hat
rElec  .         Spirit   .     Y - +1 cloak
rCorr  .         Warding  .     N - +1 pair of gloves of the Leaf {Str+12 Int-5}
rMut   .         Stasis   .     (no barding)
MR     .....                    n - amulet of faith
Stlth  ++........               j - +4 ring of protection
                                I - +4 ring of evasion

@: vulnerable, wreathed by umbra, very quick, not resistant to hostile
enchantments, unstealthy
A: hooves 3, rugged brown scales 1, see invisible, deformed body, speed 2, high
mp 1, mutation resistance 1, tough skin 3
a: Shadow Step, Shadow Form, Renounce Religion
}: 1/15 runes: gossamer


You were on level 2 of the Vaults.
You worshipped Dithmenos.
Dithmenos was exalted by your worship.
You were not hungry.

You visited 7 branches of the dungeon, and saw 36 of its levels.
You also visited: Sewer.

You collected 3532 gold pieces.
You spent 1937 gold pieces at shops.

Inventory:

Hand weapons
 a - a +6 halberd of venom (weapon)
 b - a +0 blowgun
 c - a +1 trident of piercing
 v - a +0 glaive
Missiles
 e - 85 poisoned needles
 f - 4 curare-tipped needles
 o - 3 throwing nets (quivered)
Armour
 r - a +2 plate armour of cold resistance
 N - the +1 pair of gloves of the Leaf (worn) {Str+12 Int-5}
   (You bought it in a shop on level 4 of the Orcish Mines)

   It affects your strength (+12).
   It affects your intelligence (-5).
 S - a +2 hat (worn)
 W - a +0 mottled dragon armour (worn)
 Y - a +1 cloak (worn)
 Z - a +1 plate armour of poison resistance
Jewellery
 j - a +4 ring of protection (right hand)
 n - an amulet of faith (around neck)
 s - an uncursed ring of teleport control
 u - an uncursed ring of protection from magic
 y - an uncursed ring of positive energy
 E - the ring "Soedot" {Fire +Blink Dex+3}
   (You found it on level 11 of the Dungeon)

   [ring of fire]

   It enhances your fire magic, and weakens your ice magic.
   It affects your dexterity (+3).
   It protects you from fire.
   It makes you vulnerable to cold.
   It lets you blink.
 I - a +4 ring of evasion (left hand)
 K - an uncursed ring of protection from cold
Magical devices
 d - a wand of digging (13)
 G - a wand of digging (16)
 J - a wand of cold (9)
Scrolls
 m - a scroll of blinking
 w - 3 scrolls of magic mapping
 A - 3 scrolls of enchant armour
 C - 8 scrolls of identify
 D - 5 scrolls of enchant weapon
 F - 8 scrolls of teleportation
 L - 5 scrolls of fog
 P - 11 scrolls of remove curse
 Q - a scroll of fear
 T - a scroll of recharging
 U - 6 scrolls of amnesia
 X - 2 scrolls of holy word
Potions
 i - 5 potions of resistance
 q - 10 potions of curing
 t - 3 potions of might
 z - 4 potions of agility
 B - 5 potions of brilliance
 H - 3 potions of cure mutation
 M - 3 potions of heal wounds
 O - 4 potions of flight
 R - a potion of haste
 V - a potion of magic
Comestibles
 g - 17 bread rations
 h - 13 beef jerkies
 k - 20 meat rations
 l - 9 chunks of flesh
 x - 33 fruits


   Skills:
 + Level 17.9 Fighting
 - Level 20.0 Polearms
 - Level 2.6 Throwing
 - Level 9.0 Armour
 - Level 12.0 Dodging
 - Level 2.6 Stealth


You had 18 spell levels left.
You didn't know any spells.

Dungeon Overview and Level Annotations

Branches:
Dungeon (15/15)            Temple (1/1) D:6            Lair (8/8) D:10
  Swamp (0/4) Lair:3       Spider (4/4) Lair:6        Slime (0/6) Lair:8
    Orc (4/4) D:11            Elf (2/3) Orc:3        Vaults (2/5) D:13
 Depths (0/5) D:15
  Crypt: Vaults:2-3

Altars:
Ashenzari
Cheibriados
Dithmenos
Elyvilon
Fedhas
Gozag
Kikubaaqudgha
Makhleb
Nemelex Xobeh
Okawaru
Qazlal
Ru
Sif Muna
Trog
Vehumet
Xom
Yredelemnul
Zin
Jiyva

Shops:
D:6 *   D:7 *   Orc:1 (   Orc:2 *   Orc:4 *[=(%   Elf:1 *}   Vaults:2 !

Annotations:
D:3 DEFE's ghost, average TeAE
D:14 exclusion: Roxanne, Roxanne
Lair:5 Kirke


Innate Abilities, Weirdness & Mutations

You have hooves in place of feet.
Armour fits poorly on your strangely shaped body.
You cover ground very quickly.
You have extremely tough skin (AC +3).
You are partially covered in rugged brown scales (AC +1, +3% HP).
You have supernaturally acute eyesight.
You have an increased reservoir of magic (+10% MP).
You are somewhat resistant to further mutation.


Message History

The phantasmal warrior is almost destroyed.
The harpy barely misses you. The harpy claws you but does no damage.
Unknown command.
You puncture the phantasmal warrior!
You destroy the phantasmal warrior!
The harpy barely misses you. The harpy claws you but does no damage.
Unknown command.
The harpy completely misses you. The harpy claws you but does no damage.
The harpy misses you. The harpy claws you but does no damage.
The harpy screeches!
The phantasmal warrior blinks!
The harpy claws you!
* * * LOW HITPOINT WARNING * * *
The harpy completely misses you.
You hit the phantasmal warrior but do no damage.
You kick the phantasmal warrior, but do no damage.
The harpy claws you but does no damage. The harpy claws you!
* * * LOW HITPOINT WARNING * * *
The phantasmal warrior hits you!!
You die...

#################################
...........§...H@......(.........
...........######W###'''#########
..........##...#...#..(#
#.......##...#...#...#
#.......##...##.##(..#
#.......#####....)####
#..W....##..#...))#..#
#.......##...........#
#§§§§...##..#.....#..#


You could see a phantasmal warrior and a harpy.

Vanquished Creatures
  Jorgrun (Elf:2)
  Asterion (Elf:1)
  A frost giant (Vaults:1)
  A deep elf sorcerer (Elf:1)
  Maud (D:14)
  4 vault wardens (Vaults:1)
  3 ghost moths (Spider:4)
  Louise (D:14)
  8 emperor scorpions
  An orc warlord (Orc:4)
  5 ironheart preservers (Vaults:1)
  2 deep elf demonologists
  A deep elf annihilator (Elf:1)
  Snorg (Lair:5)
  A deep elf death mage (Vaults:1)
  2 entropy weavers
  2 fire dragons (D:15)
  4 vault guards (Vaults:1)
  A great orb of eyes (Vaults:2)
  A yaktaur captain (Vaults:1)
  3 catoblepae (Lair:8)
  4 ogre magi (Vaults:1)
  9 hydras
  4 centaur warriors
  The ghost of HEYYEYAAE the Nimble, a powerful OpFi of Gozag (Orc:3)
  Erica (D:9)
  15 dancing weapons
  A deep troll earth mage (Vaults:1)
  34 death yaks
  2 tengu warriors (D:12)
  19 deep elf knights
  3 skeletal warriors (D:13)
  3 unseen horrors
  2 deep trolls (Vaults:1)
  6 deep elf summoners
  A phantasmal warrior (Vaults:2)
  10 hill giants
  An unseen horror (shapeshifter) (D:15)
  4 ironbrand convokers
  Pikel (D:10)
  7 orc knights
  10 deep elf conjurers
  A necromancer (Vaults:1)
  2 harpies
  5 orc sorcerers
  6 griffons
  7 hornets
  32 wolf spiders
  A manticore (D:11)
  3 vault sentinels
  2 wizards
  21 orb spiders
  6 black mambas
  19 ugly things
  A moth of wrath (Spider:4)
  23 elephants
  An orange demon (Elf:1)
  4 centaur skeletons
  7 torpor snails
  6 cyclopes
  Psyche (D:9)
  12 spiny frogs
  8 yaktaurs
  2 kobold demonologists (D:15)
  3 gargoyles
  11 demonic crawlers
  14 komodo dragons
  7 deep elf priests
  6 trolls
  A giant leech (Lair:3)
  2 tengu conjurers (D:15)
  A jumping spider (shapeshifter) (Elf:1)
  4 polar bears
  21 jumping spiders
  4 ravens
  11 slime creatures
  6 two-headed ogres
  20 blink frogs
  A hornet zombie (D:14)
  2 boulder beetles (Spider:2)
  A raiju (shapeshifter) (Elf:1)
  A raven (shapeshifter) (Vaults:1)
  19 trapdoor spiders
  A spriggan (shapeshifter) (Vaults:1)
  4 wyverns
  35 redbacks
  17 tarantellas
  A spriggan (Lair:3)
  3 water elementals (D:14)
  A vampire (D:14)
  2 shadows
  A wraith (D:14)
  25 deep elf magi
  48 yaks
  10 hippogriffs
  4 hogs (Lair:5)
  Grum (D:10)
  9 vampire mosquitoes
  9 wargs
  A hungry ghost (D:11)
  4 basilisks
  Menkaure (D:4)
  A steam dragon (Lair:5)
  20 deep elf fighters
  3 swamp worms (Lair:3)
  42 wolves
  5 mottled dragons
  12 porcupines
  A swamp drake (Orc:3)
  6 sky beasts
  16 spiders
  14 water moccasins
  3 slaves (D:9)
  3 eyes of draining
  4 ice beasts
  9 black bears
  A phantom (D:8)
  5 boggarts
  6 wasps
  20 centaurs
  22 ogres
  29 orc warriors
  27 crocodiles
  7 big kobolds
  A brain worm (D:14)
  28 giant frogs
  10 scorpions
  An elf simulacrum (Vaults:1)
  7 killer bees
  A human simulacrum (Vaults:1)
  4 wights (D:12)
  7 hounds
  A lava snake (Orc:4)
  A wyvern simulacrum (D:14)
  6 electric eels
  12 iguanas
  15 orc priests
  11 crimson imps
  2 jellies
  An iron imp (Orc:3)
  A giant frog skeleton (D:8)
  33 orc wizards
  Natasha (thrice) (D:2)
  12 worker ants
  18 sheep
  3 gnolls (Orc:3)
  17 adders
  67 river rats
  5 shadow imps
  A white imp (Orc:3)
  An adder zombie (D:9)
  An ooze (D:6)
  A worm (Temple)
  5 giant geckos
  160 orcs
  18 bats
  A bat skeleton (D:7)
  9 giant cockroaches
  17 hobgoblins
  14 jackals
  37 kobolds
  7 quokkas
  A ball python (D:1)
  A giant gecko skeleton (D:5)
  5 giant newts
  24 goblins
  A jackal skeleton (D:9)
  2 quokka skeletons
  A quokka zombie (D:8)
  23 rats
  4 fungi
  2 plants
1524 creatures vanquished.

Vanquished Creatures (others)
  A tarantella (Spider:4)
  A deep elf fighter (Elf:1)
  A slave (D:12)
  A centaur (Vaults:2)
  A lost soul (Vaults:1)
  An orc wizard (Orc:3)
  A jelly (D:14)
  An orc (Orc:4)
  A kobold (D:13)
  A rat (D:8)
  3 bushes
  A butterfly (Lair:3)
  46 fungi
  32 plants
92 creatures vanquished.

Grand Total: 1616 creatures vanquished

Notes
Turn   | Place    | Note
--------------------------------------------------------------
     0 | D:1      | hyperkellhus the Centaur Assassin began the quest for the Orb.
     0 | D:1      | Reached XP level 1. HP: 17/17 MP: 1/1
   295 | D:1      | Reached XP level 2. HP: 22/25 MP: 2/2
   388 | D:1      | Reached skill level 3 in Fighting
   797 | D:2      | Reached XP level 3. HP: 22/31 MP: 3/3
   969 | D:2      | Noticed Natasha
   980 | D:2      | Killed Natasha
   980 | D:2      | Reached skill level 4 in Fighting
  1136 | D:2      | Noticed Natasha
  1544 | D:2      | Reached XP level 4. HP: 40/40 MP: 4/4
  1798 | D:2      | Killed Natasha
  2049 | D:2      | Noticed Natasha
  2059 | D:2      | Killed Natasha
  2682 | D:3      | Reached skill level 5 in Fighting
  2754 | D:3      | Noticed DEFE's ghost (average TeAE)
  3003 | D:3      | Reached skill level 1 in Dodging
  3363 | D:3      | Reached XP level 5. HP: 44/48 MP: 5/5
  3589 | D:3      | Found a deep blue altar of Sif Muna.
  3873 | D:4      | Noticed Menkaure
  3954 | D:4      | Killed Menkaure
  3954 | D:4      | Reached XP level 6. HP: 18/56 MP: 6/6
  4221 | D:4      | Found a sacrificial altar of Ru.
  5005 | D:4      | Reached XP level 7. HP: 55/61 MP: 7/7
  5129 | D:4      | Noticed a phantom
  5402 | D:5      | Entered Level 5 of the Dungeon
  5496 | D:5      | Found an iron altar of Okawaru.
  5517 | D:5      | Found an opulent altar of Gozag.
  5623 | D:5      | Reached skill level 5 in Dodging
  6387 | D:5      | Reached skill level 6 in Fighting
  6510 | D:6      | Found Ixodaihi's General Store.
  6614 | D:6      | Found a glowing drain.
  6652 | Sewer    | Entered a sewer
  7017 | Sewer    | Reached skill level 7 in Fighting
  7017 | Sewer    | Reached XP level 8. HP: 45/73 MP: 8/8
  7190 | Sewer    | Found a glowing silver altar of Zin.
  7249 | D:6      | Found a staircase to the Ecumenical Temple.
  7273 | D:6      | HP: 2/73 [worm (9)]
  7277 | Temple   | Entered the Ecumenical Temple
  7414 | Temple   | Became a worshipper of Dithmenos the Shadowed
  8230 | Temple   | Reached skill level 8 in Fighting
  8938 | D:6      | Found a bloodstained altar of Trog.
  8969 | D:6      | Reached skill level 9 in Fighting
  9257 | D:6      | Found a sacrificial altar of Ru.
  9677 | D:7      | Reached XP level 9. HP: 81/85 MP: 9/9
  9715 | D:6      | Reached skill level 10 in Fighting
 10078 | D:7      | Found Giduott's Assorted Antiques.
 10505 | D:7      | Reached skill level 11 in Fighting
 10569 | D:7      | Reached skill level 1 in Armour
 11088 | D:7      | Bought a ring of evasion for 68 gold pieces
 11197 | D:7      | Acquired Dithmenos's first power
 11518 | D:8      | Reached skill level 1 in Polearms
 12045 | D:8      | Found a white marble altar of Elyvilon.
 12254 | D:9      | Reached XP level 10. HP: 96/96 MP: 10/10
 12346 | D:9      | Noticed Erica
 12427 | D:9      | Killed Erica
 12427 | D:9      | Reached skill level 5 in Polearms
 12704 | D:9      | Acquired Dithmenos's second power
 12708 | D:9      | Noticed Pikel
 13123 | D:9      | Noticed Psyche
 13707 | D:9      | Killed Psyche
 13875 | D:9      | Found a stormy altar of Qazlal.
 14095 | D:10     | Entered Level 10 of the Dungeon
 14243 | D:10     | Killed Pikel
 14347 | D:10     | Found a burning altar of Makhleb.
 14477 | D:10     | Acquired Dithmenos's third power
 14492 | D:10     | Found a staircase to the Lair.
 14631 | D:10     | Noticed a hill giant
 14714 | D:10     | Killed a hill giant
 14903 | D:10     | Reached XP level 11. HP: 79/102 MP: 11/11
 14994 | D:10     | Noticed Grum
 15041 | D:10     | Killed Grum
 15287 | D:10     | Noticed a hill giant
 15355 | D:10     | Killed a hill giant
 15590 | D:10     | Reached skill level 10 in Polearms
 15744 | D:10     | Noticed a hill giant
 15812 | D:10     | Killed a hill giant
 16329 | D:11     | Got a warped wooden ring
 16331 | D:11     | Identified the ring "Soedot" {Fire +Blink Dex+3} (You found it on level 11 of the Dungeon)
 16513 | D:11     | Noticed a five-headed hydra
 16894 | D:11     | Found a staircase to the Orcish Mines.
 17262 | D:11     | Killed a five-headed hydra
 17831 | D:11     | Reached skill level 12 in Polearms
 18167 | D:11     | Noticed a hill giant
 18234 | D:11     | Killed a hill giant
 18766 | D:12     | Noticed a centaur warrior
 18777 | D:12     | Killed a centaur warrior
 18777 | D:12     | Reached XP level 12. HP: 107/110 MP: 12/12
 18877 | D:12     | Acquired Dithmenos's fourth power
 19108 | D:12     | Noticed a hill giant
 19124 | D:12     | Killed a hill giant
 19164 | D:12     | Reached skill level 13 in Polearms
 19850 | D:12     | Noticed a hill giant
 19863 | D:12     | Killed a hill giant
 20023 | D:12     | Noticed a tengu warrior
 20037 | D:12     | Noticed a tengu warrior
 20396 | D:11     | Noticed a hill giant
 20413 | D:11     | Killed a hill giant
 20566 | D:12     | Killed a tengu warrior
 20784 | D:12     | Killed a tengu warrior
 21103 | D:12     | Reached skill level 14 in Polearms
 21292 | Lair:1   | Entered Level 1 of the Lair of Beasts
 22190 | Lair:2   | Noticed a six-headed hydra
 23312 | Lair:2   | Reached skill level 5 in Armour
 24523 | Lair:3   | Reached XP level 13. HP: 93/116 MP: 13/13
 24869 | Lair:3   | Found a staircase to the Swamp.
 26732 | Lair:4   | Reached skill level 15 in Polearms
 27858 | Lair:5   | Noticed Snorg
 27954 | Lair:5   | Killed Snorg
 28636 | Lair:5   | Noticed Kirke
 29061 | Lair:5   | Reached skill level 16 in Polearms
 30607 | Lair:6   | Found a hole to the Spider Nest.
 30770 | Lair:6   | Reached XP level 14. HP: 85/127 MP: 14/14
 33369 | Lair:8   | Entered Level 8 of the Lair of Beasts
 33492 | Lair:8   | Found a staircase to the Slime Pits.
 33492 | Lair:8   | Found a viscous altar of Jiyva.
 36173 | Lair:8   | Reached XP level 15. HP: 41/139 MP: 15/15
 37435 | Lair:8   | Reached skill level 15 in Fighting
 38690 | Orc:1    | Entered Level 1 of the Orcish Mines
 38726 | Orc:1    | Found Imitheuc's Weapon Boutique.
 38847 | Orc:1    | Reached skill level 10 in Dodging
 39434 | Orc:3    | Noticed HEYYEYAAE's ghost (powerful OpFi)
 39846 | Orc:3    | Killed HEYYEYAAE's ghost
 40664 | Orc:3    | Found a staircase to the Elven Halls.
 40970 | Orc:2    | Found Meot's Assorted Antiques.
 41207 | Orc:4    | Entered Level 4 of the Orcish Mines
 41417 | Orc:4    | Found Hiysson's Antique Armour Shop.
 41587 | Orc:4    | Found Jawiph's Jewellery Boutique.
 41957 | Orc:4    | Found Lobini Naum's Food Boutique.
 41989 | Orc:4    | Found Loyzoavi's Antique Weapon Shop.
 42188 | Orc:4    | Found Nyrphall's General Store.
 42863 | Orc:4    | Bought a pair of polished gloves for 313 gold pieces
 42875 | Orc:4    | Identified the +1 pair of gloves of the Leaf {Str+12 Int-5} (You bought it in a shop on level 4 of the Orcish Mines)
 42876 | Orc:4    | Bought an embroidered hat for 132 gold pieces
 43137 | Orc:4    | Bought a runed plate armour for 759 gold pieces
 43176 | Elf:1    | Entered Level 1 of the Elven Halls
 44119 | D:13     | Got a twisted robe
 44130 | D:13     | Identified the cursed +0 robe "Iliptal" {rElec rC+++ Int-5 Dex-3} (You found it on level 13 of the Dungeon)
 44130 | D:13     | Lost intelligence.
 44440 | D:13     | Found a gate to the Vaults.
 45138 | D:13     | Got an ancient rapier
 45287 | D:14     | Noticed Maud
 45302 | D:14     | Killed Maud
 45402 | D:14     | Reached skill level 17 in Polearms
 45647 | D:14     | Gained mutation: You have supernaturally acute eyesight. [potion of mutation]
 45647 | D:14     | Gained mutation: You have an increased reservoir of magic (+10% MP). [potion of mutation]
 45647 | D:14     | Gained mutation: You are frail (-10% HP). [potion of mutation]
 45783 | D:13     | Gained mutation: You are partially covered in rugged brown scales (AC +1, +3% HP). [potion of mutation]
 45783 | D:13     | Lost mutation: You are frail (-10% HP). [potion of mutation]
 45984 | Orc:4    | Bought a potion of beneficial mutation for 525 gold pieces
 45984 | Orc:4    | Gained mutation: You are somewhat resistant to further mutation. [potion of beneficial mutation]
 46470 | D:14     | Noticed Louise
 46484 | D:14     | Killed Louise
 46484 | D:14     | Reached XP level 16. HP: 120/153 MP: 17/17
 46605 | D:14     | Noticed Roxanne
 46673 | D:14     | Found a shimmering altar of Xom.
 46917 | D:15     | Entered Level 15 of the Dungeon
 47486 | D:15     | HP: 6/153 [cyan ugly thing (17)]
 48087 | D:15     | Reached skill level 18 in Polearms
 48302 | D:15     | Found a staircase to the Depths.
 49084 | Elf:1    | Found Uphugug's Gadget Boutique.
 49325 | Elf:1    | Noticed Asterion
 49352 | Elf:1    | Killed Asterion
 50042 | Elf:1    | Found Jeghary's Assorted Antiques.
 50380 | Elf:2    | Reached skill level 19 in Polearms
 50459 | Elf:2    | Found a runed gate.
 50459 | Elf:2    | Found a runed gate.
 50533 | Elf:2    | Found a runed gate.
 51257 | Elf:2    | Noticed a Hell Sentinel
 51606 | Elf:2    | Noticed Jorgrun
 52064 | Elf:2    | Reached XP level 17. HP: 94/160 MP: 18/18
 52987 | Elf:2    | Killed Jorgrun
 54004 | Lair:6   | Upgraded the game from 0.17-a0-1129-g5854844 to 0.17-a0-1150-g17b0b87
 54693 | Spider:1 | Entered Level 1 of the Spider Nest
 54758 | Spider:1 | Reached skill level 20 in Polearms
 57129 | Spider:2 | Reached XP level 18. HP: 170/170 MP: 19/19
 58617 | Spider:3 | Got a crystal quarterstaff
 58935 | Spider:4 | Entered Level 4 of the Spider Nest
 59758 | Spider:4 | Got a jewelled greatsling
 62331 | Spider:4 | Reached XP level 19. HP: 109/177 MP: 20/20
 63341 | Spider:4 | Got a gossamer rune of Zot
 63540 | Lair:2   | Killed a six-headed hydra
 63741 | Vaults:1 | Entered Level 1 of the Vaults
 63776 | Vaults:1 | Got a faintly humming chain mail
 63815 | D:13     | Identified the cursed +1 chain mail of Ru's Regard {*Confuse rF++ rC++} (You found it on level 1 of the Vaults)
 67018 | Vaults:2 | Paralysed by a hornet for 4 turns
 67707 | Vaults:2 | Found Anoty's Distillery.
 67710 | Vaults:2 | Bought a potion of haste for 140 gold pieces
 67840 | Vaults:2 | Demolished by a phantasmal warrior

Vault maps used:
D:1:      dpeg_arrival_simpleton_a
D:2:      kennysheep_six_static_rooms, uniq_natasha
D:3:      led_sif_book, nicolae_overflow_hidden_temple
D:4:      first_bread, nicolae_ru_great_annihilating_truth, uniq_menkaure
D:5:      lemuel_doored_altar, st_stairs_12, okawaru_metal_pillars_1_2
D:6:      kennysheep_big_flooded_room, overflow_temple_1_default,
          trog_ov_bears_minmay, minmay_temple_entry_large_hall, serial_shops,
          nicolae_shop_waterfront, portal_sewer_entry_b
D:7:      serial_shops, nicolae_shop_temple_entry_statues_fountains
D:8:      kennysheep_mini_moat, grunt_ogre_cave, kennysheep_generic_room_14
D:9:      grunt_qazlal_sundering, uniq_erica, uniq_pikel, uniq_psyche
D:10:     dpeg_oklobed_lair, bloody_makhleb, uniq_grum
D:11:     minmay_orc_entry_guard_dogs, st_stairs_2
D:13:     hangedman_vaults_entry_quadrant_bands, serial_curves, eino_curves_02,
          eino_curves_03
D:14:     hangedman_decor_opposing, basic_altar, serial_bayou_lagoon_b,
          uniq_louise, uniq_maud, uniq_roxanne
D:15:     grunt_enter_depths_hoard
Temple:   jpeg_temple_clearing_12
Lair:1:   minmay_holes, infiniplex_staircase_pool
Lair:2:   beast_lair_carwin_large_2
Lair:3:   minmay_swamp_entry_worms, nicolae_quartered_pool_medium,
          grunt_forest_stairs_clearing, lemuel_fruit_fields
Lair:4:   gammafunk_lair_bear_cave, lemuel_fruit_fields
Lair:5:   minivault_26, guppyfry_lair_drakes, uniq_snorg, uniq_kirke
Lair:6:   nicolae_spider_entry_non_spiders
Lair:8:   evilmike_catoblepas_cave, slime_altar_1
Spider:1: spider_trap
Spider:2: nicolae_orb_stairs
Spider:3: nicolae_spider_cling_ruins
Spider:4: guppyfry_spider_rune
Orc:1:    serial_shops, shop
Orc:2:    serial_shops, shop
Orc:3:    nicolae_orc_pool_cavern, hangedman_minor_magic
Orc:4:    grunt_orc_gardens, grunt_orc_garden, grunt_orc_garden,
          grunt_orc_garden, grunt_orc_garden, serial_shops, shop,
          nicolae_orc_lava_tube, nicolae_orc_sculptors_studio
Elf:1:    minmay_elf_arrival_circle, serial_shops, nicolae_shop_behind_doors,
          shop, hangedman_elf_represent, uniq_asterion
Elf:2:    dk_noncrumbling_2, basic_stair_grate_trap, uniq_jorgrun
Vaults:1: nicolae_vaults_angled_halls, ontoclasm_vaults_misaligned,
          ontoclasm_vaults_idyll, hangedman_vaults_stream, v_misc_5,
          nicolae_vaults_circle_grid_a, ontoclasm_vaults_hangar,
          ontoclasm_vaults_gateway, hangedman_vaults_pinch,
          vaults_room_grunt_arrival_ludios, nicolae_vaults_hallways_thing,
          vaults_mumra_hexcomb, vaults_room_glass_cross,
          hangedman_vaults_corner_blocks, nicolae_vaults_little_squares_5,
          ontoclasm_vaults_ligature
Vaults:2: v_rooms_4, vaults_room_hallway, v_misc_18, v_misc_12, v_misc_1,
          vaults_dpeg_ring, ontoclasm_vaults_idyll, vaults_dpeg_diagonal,
          nicolae_vaults_theta, blue_anna_dwarven_crypt, serial_shops,
          nicolae_shop_behind_doors, uniq_saint_roka
Sewer:    sewer_kobolds

Action                   |  1- 3 |  4- 6 |  7- 9 | 10-12 | 13-15 | 16-18 | 19-21 || total
-------------------------+-------+-------+-------+-------+-------+-------+-------++-------
Melee: Dagger            |   121 |   282 |   538 |    51 |       |       |       ||   992
       Unarmed           |     9 |       |       |       |       |       |       ||     9
       Blowgun           |       |       |     1 |       |       |       |       ||     1
       Trident           |       |       |       |  1673 |   195 |    22 |     7 ||  1897
       Halberd           |       |       |       |    27 |  2908 |  1360 |   545 ||  4840
 Fire: Blowgun           |       |     4 |    49 |    25 |    16 |    12 |       ||   106
Throw: Throwing net      |       |       |     1 |     1 |       |       |       ||     2
Evoke: Wand              |       |     2 |     2 |     3 |       |     1 |       ||     8
  Use: Potion            |     1 |     1 |     1 |     1 |     5 |     5 |     1 ||    15
       Scroll            |       |       |    19 |    11 |     7 |     7 |     2 ||    46
 Stab: Sleeping          |       |     1 |     6 |     7 |    20 |     1 |       ||    35
       Confused          |       |     1 |     1 |     1 |       |       |       ||     3
       Paralysed         |       |     1 |       |       |       |       |       ||     1
       Distracted        |       |       |       |     2 |    12 |     3 |     3 ||    20
       Held in net/web   |       |       |       |     1 |       |       |       ||     1
       Fleeing           |       |       |       |     2 |     1 |       |       ||     3
  Eat: Chunk             |     1 |     9 |    13 |    36 |    56 |    32 |    15 ||   162
       Fruit             |       |       |     1 |       |     1 |     3 |       ||     5
       Bread ration      |       |       |     1 |       |       |     1 |       ||     2
       Royal jelly       |       |       |     1 |       |     1 |       |       ||     2
       Beef jerky        |       |       |       |       |     2 |       |       ||     2
       Pizza             |       |       |       |       |       |     2 |       ||     2
       Meat ration       |       |       |       |       |       |     1 |       ||     1
